 Seeded DCSS version 0.25.1-11-g244df3a29b (webtiles) character file.

Game seed: 9335348854215055592 (custom seed)

15 hikkokomori the Vexing (level 2, -3/19 HPs)
             Began as a Demonspawn Enchanter on Mar 3, 2022.
             Slain by a goblin
             ... wielding a +0 dagger
              (5 damage)
             ... on level 1 of the Dungeon.
             The game lasted 00:02:05 (587 turns).

hikkokomori the Vexing (Demonspawn Enchanter)        Turns: 587, Time: 00:02:05

Health: -3/19      AC:  3    Str: 11    XL:     2   Next: 34%
Magic:  5/5        EV: 12    Int: 16    God:
Gold:   14         SH:  0    Dex: 13    Spells: 4/5 levels left

rFire    . . .     SeeInvis .   c - +1 dagger (venom)
rCold    . . .     Gourm    .   (no shield)
rNeg     . . .     Faith    .   b - +0 robe
rPois    .         Spirit   .   (no helmet)
rElec    .         Reflect  .   (no cloak)
rCorr    .         Harm     .   e - +0 pair of gloves {Str+3}
MR       .....                  (no boots)
Stlth    +++.......             (no amulet)
HPRegen  0.06/turn              (no ring)
MPRegen  0.09/turn              (no ring)

@: no status effects
A: nightstalker 1
a: no special abilities


You were on level 1 of the Dungeon.
You were not hungry.

You visited 1 branch of the dungeon, and saw 1 of its levels.

You collected 14 gold pieces.

Inventory:

Hand Weapons
 a - a +1 dagger
 c - a +1 dagger of venom (weapon)
Armour
 b - a +0 robe (worn)
 e - a +0 pair of gloves of strength (worn)
Scrolls
 g - a scroll of remove curse {unknown}
Potions
 h - a potion of magic {unknown}
 i - a potion of curing {unknown}
Comestibles
 d - a ration
 f - 11 chunks of flesh


   Skills:
 + Level 1.2 Short Blades
 - Level 1.7 Dodging
 + Level 2.9 Stealth
 + Level 2.2 Spellcasting
 + Level 3.2 Hexes


You had 4 spell levels left.
You knew the following spells:

 Your Spells              Type           Power        Failure   Level  Hunger
a - Corona                Hex            ##.....      5%          1    #......

Your spell library contained the following spells:

 Spells                   Type           Power        Failure   Level  Hunger
 Ensorcelled Hibernation  Hex/Ice        #.....       16%         2    ###....
 Confusing Touch          Hex            ##......     16%         3    ###....
 Tukima's Dance           Hex            ##......     16%         3    ###....
 Dazzling Flash           Conj/Hex       #.....       32%         3    ###....


Dungeon Overview and Level Annotations

Branches:
Dungeon (1/15)

Altars:


Innate Abilities, Weirdness & Mutations

You are slightly more attuned to the shadows.


Message History

The hobgoblin is heavily wounded.
The hobgoblin hits you.
A hobgoblin comes into view. It is wielding a +0 club.
The goblin misses you.
The hobgoblin shouts!
You hit the hobgoblin.
The hobgoblin looks even sicker.
The hobgoblin is severely wounded.
The hobgoblin hits you. The goblin barely misses you. The goblin misses you.
The goblin closely misses you.
You completely miss the hobgoblin.
The hobgoblin is severely wounded.
The hobgoblin hits you but does no damage.
The goblin hits you with a +0 dagger.
* * * LOW HITPOINT WARNING * * *
The goblin closely misses you. The goblin hits you but does no damage.
You kill the hobgoblin!
The goblin hits you.
* * * LOW HITPOINT WARNING * * *
You closely miss the goblin. The goblin hits you with a +0 dagger.
You die...

#### #...### #.............
+...+.# #.............
#...#.# #.............
####...#.###.............
#...$..#g................
+......g@................
####.....g##........÷.......
.....?.....#...#####÷######
...........#...# #.#######
.......g...#...# #..÷.....
...........##+## #........
...........# .. #..÷.....
...........# #. #........
...........###.## ##'#######


You could see 3 goblins.

Vanquished Creatures
  A ball python (D:1)
  4 goblins (D:1)
  2 hobgoblins (D:1)
  2 bats (D:1)
  A frilled lizard (D:1)
  5 rats (D:1)
15 creatures vanquished.

Notes
Turn   | Place    | Note
-------+----------+-------------------------------------------
     0 | D:1      | hikkokomori the Demonspawn Enchanter began the quest for
                  | the Orb.
     0 | D:1      | Reached XP level 1. HP: 13/13 MP: 3/3
   269 | D:1      | Reached skill level 1 in Short Blades
   432 | D:1      | Gained mutation: You are slightly more attuned to the
                  | shadows. [demonic ancestry]
   432 | D:1      | Reached XP level 2. HP: 19/19 MP: 5/5
   587 | D:1      | Slain by a goblin

Illustrated notes

Levels and vault maps discovered:
D:1:      enne_arrival_octagon_isle, layout_basic

Skill      XL: |  1 |
---------------+----+-----
Short Blades   | 1 |  1.2
Dodging        | |  1.7
Stealth        | |  2.9
Spellcasting   | |  2.2
Hexes          | |  3.2

Action                   || total
-------------------------++-------
Melee: Dagger            ||    31
 Stab: Sleeping          ||     2
Armor: Robe              ||     6
Dodge: Dodged            ||    14
